 Dungeon Crawl Stone Soup version 0.29-a0-303-ge4682ce883 (webtiles) character file.

Game seed: 740921665151306765

644 kae the Firebug (level 7, -1/40 HPs)
             Began as a Tengu Fire Elementalist on Mar 25, 2022.
             Engulfed by a steam dragon's steam (6 damage)
             ... on level 5 of the Dungeon.
             The game lasted 00:03:37 (5168 turns).

kae the Firebug (Tengu Fire Elementalist)           Turns: 5168, Time: 00:03:37

Health: -1/40      AC: 10    Str:  9    XL:     7   Next: 52%
Magic:  0/12       EV: 12    Int: 17    God:
Gold:   221        SH:  4    Dex: 10    Spells: 6/12 levels left

rFire   . . .      SeeInvis .   p - +2 dagger (venom)
rCold   . . .      Faith    .   d - +0 buckler
rNeg    + + .      Spirit   +   i - +4 ring mail "Hucvewuy" {+Inv rN++ Regen+ Dex-4}
rPois   .          Reflect  .   (helmet restricted)
rElec   .          Harm     .   o - +0 cloak
rCorr   .          Rampage  .   (no gloves)
Will    .....                   (boots unavailable)
Stlth   +.........              g - amulet of guardian spirit
HPRegen 0.93/turn               (no ring)
MPRegen 0.13/turn               (no ring)

@: flying quickly and evasively, quick
A: beak, talons 3, nimble flight
a: Evoke Invisibility


You were on level 5 of the Dungeon.
You visited 1 branch of the dungeon, and saw 5 of its levels.

You collected 221 gold pieces.

Inventory:

Hand Weapons
 c - a +0 short sword of venom
 p - a +2 dagger of venom (weapon)
Missiles
 l - a throwing net
Armour
 a - a +1 robe
 d - a +0 buckler (worn)
 i - the +4 ring mail "Hucvewuy" (worn) {+Inv rN++ Regen+ Dex-4}
   (You found it on level 3 of the Dungeon)

   Dex:       It affects your dexterity (-4).
   rN:        It greatly protects you from negative energy.
   +Inv:      It lets you turn invisible.
   Regen:     It increases your rate of health regeneration.
 m - a +3 leather armour of poison resistance
 o - a +0 cloak (worn)
Jewellery
 g - an amulet of guardian spirit (around neck)
Wands
 h - a wand of charming (8)
 j - a wand of digging (5)
 k - a wand of iceblast (4)
Scrolls
 q - a scroll of teleportation
 r - a scroll of amnesia
Potions
 b - a potion of magic
 e - 5 potions of curing
 f - 2 potions of haste
 n - a potion of attraction {unknown}


   Skills:
 + Level 2.6 Fighting
 + Level 2.9 Armour
 + Level 3.8 Dodging
 - Level 2.0 Stealth
 * Level 3.3 Shields
 + Level 3.1 Spellcasting
 + Level 3.6 Conjurations
 + Level 4.5 Fire Magic


You had 6 spell levels left.
You knew the following spells:

 Your Spells              Type           Power      Damage    Failure   Level
a - Foxfire               Conj/Fire      64%        2x1d7     12%         1
b - Scorch                Fire           36%        2d7       14%         2
c - Conjure Flame         Conj/Fire      16%        6-21      34%         3

Your spell library contained the following spells:

 Spells                   Type           Power      Damage    Failure   Level
 Apportation              Tloc           4%         N/A       52%         1
 Inner Flame              Hex/Fire       10%        N/A       58%         3
 Flame Wave               Conj/Fire      16%        2d6       75%         4
 Alistair's Intoxication  Tmut/Pois      1%         N/A       100%        5


Dungeon Overview and Level Annotations

Branches:
Dungeon (5/15)
 Temple: D:4-7

Altars:
Sif Muna
Zin

Shops:
D:3 *


Innate Abilities, Weirdness & Mutations

You have a beak for a mouth.
You have claws for feet.
Your magical nature lets you fly swiftly and evasively.


Message History

No target in view!
No target in view!
Found 25 stones.
Found a runed scarf.
A scorpion comes into view.
A scorpion is nearby!
A scorpion is nearby!
A steam dragon and an orc come into view.
The orc shouts!
An orc priest comes into view. It is wielding a +0 dagger.
An orc priest comes into view. It is wielding a +0 trident.
The orc moves out of view.
An orc wizard comes into view. It is wielding a +0 dagger.
An orc comes into view. It is wielding a +0 hand axe.
The orc shouts!
The orc wizard shouts!
The orc priest mumbles some strange prayers to Beogh against you.
Beogh smites you!
The orc priest shouts!
Casting: Foxfire (safe; 12% risk of failure)
Confirm with . or Enter, or press ? or * to list all spells.
Flames lash the scorpion.
The scorpion is lightly wounded.
The scorpion's fire resistance burns away.
You block the scorpion's attack.
The orc priest calls down the wrath of Beogh upon you.
Beogh smites you! You block the scorpion's attack.
The steam dragon breathes steam at you. The ball of steam hits you!
* * * LOW HITPOINT WARNING * * *
Casting: Scorch (safe; 14% risk of failure)
Confirm with . or Enter, or press ? or * to list all spells.
Flames lash the scorpion.
The scorpion is burned terribly!
The scorpion is severely wounded.
You are engulfed in a cloud of scalding steam.
* * * LOW HITPOINT WARNING * * *
The scorpion is engulfed in a cloud of scalding steam.
The scorpion closely misses you.
You are engulfed in a cloud of scalding steam.
You die...

...... ......
......###### #####
..o.oo.....# #...#
....§.o....# #...#
.....D§§...# #...#
#...§.s...# #...#
#...§§@.§.# #...#
......§..§.# #...#
.......§.§.####...###
..........§#........#
...#######.#....[...#
.. #............# .
#.#.#.########
###...#.####
...........#######.


You could see a steam dragon (catching breath), a scorpion (combustible), 2 orc
priests, an orc wizard and an orc.

Vanquished Creatures
  An ice beast (D:5)
  3 scorpions
  2 hounds (D:4)
  A jelly (D:4)
  Crazy Yiuf (D:3)
  An iguana (D:4)
  Terence (D:3)
  Ijyb (D:3)
  2 orc wizards (D:4)
  4 adders
  An ufetubus (D:3)
  3 worms
  6 orcs
  4 ball pythons
  6 endoplasms
  3 giant cockroaches
  6 goblins
  11 hobgoblins
  4 jackals (D:4)
  9 kobolds
  3 quokkas
  A bat (D:2)
  3 frilled lizards
  3 rats
80 creatures vanquished.

Vanquished Creatures (others)
  158 foxfires
  A plant (D:3)
159 creatures vanquished.

Grand Total: 239 creatures vanquished

Notes
Turn   | Place    | Note
-------+----------+-------------------------------------------
     0 | D:1      | kae the Tengu Fire Elementalist began the quest for the
                  | Orb.
     0 | D:1      | Reached XP level 1. HP: 10/10 MP: 4/4
   230 | D:1      | Reached XP level 2. HP: 16/16 MP: 3/6
   375 | D:1      | Found a faded altar of an unknown god.
   574 | D:1      | Reached skill level 1 in Armour
   574 | D:1      | Reached XP level 3. HP: 9/20 MP: 3/7
  1303 | D:2      | Reached skill level 1 in Fighting
  1767 | D:2      | HP: 1/20 [worm (10)]
  2266 | D:3      | Learned a level 2 spell: Scorch
  2270 | D:3      | Learned a level 3 spell: Conjure Flame
  2305 | D:3      | Found a glowing silver altar of Zin.
  2306 | D:3      | Found Zin's Purification Station.
  2527 | D:3      | Noticed a scorpion
  2538 | D:3      | Killed a scorpion
  2539 | D:3      | Reached skill level 1 in Shields
  2539 | D:3      | Reached XP level 4. HP: 20/25 MP: 1/8
  2631 | D:3      | Gained mutation: Your magical nature lets you fly swiftly
                  | and evasively. [Tengu growth]
  2631 | D:3      | Reached XP level 5. HP: 29/29 MP: 6/9
  2632 | D:3      | Identified the +4 ring mail "Hucvewuy" {+Inv rN++ Regen+
                  | Dex-4}
  2731 | D:3      | Noticed Terence
  2750 | D:3      | Killed Terence
  2796 | D:3      | Found a runed translucent door.
  2797 | D:3      | Noticed Crazy Yiuf
  3089 | D:3      | Reached skill level 4 in Fire Magic
  3146 | D:3      | Noticed Ijyb
  3265 | D:3      | HP: 1/29 [Ijyb/iceblast (16)]
  3563 | D:3      | Killed Crazy Yiuf
  3794 | D:3      | Killed Ijyb
  3909 | D:4      | Reached XP level 6. HP: 24/35 MP: 9/11
  4301 | D:4      | Reached XP level 7. HP: 40/40 MP: 9/12
  4472 | D:4      | You are sucked into a shaft and drop 1 floor!
  4472 | D:5      | Entered Level 5 of the Dungeon
  4945 | D:4      | Found a shimmering blue altar of Sif Muna.
  5163 | D:5      | Noticed a steam dragon
  5168 | D:5      | Engulfed by a steam dragon's steam

Illustrated notes

Levels and vault maps discovered:
D:1:      enne_arrival_octagon_isle, layout_rooms, ebering_ecumenical_altar_hall
D:2:      layout_loops_ring
D:3:      corexii_shack_village, layout_loops_ring, zin_purify, uniq_terence,
          uniq_ijyb, uniq_crazy_yiuf_cottage
D:4:      layout_basic, kennysheep_orc_sif_temple
D:5:      layout_basic

Skill      XL: |  1  2  3  4  5  6  7 |
---------------+----------------------+-----
Armour         | 1 2 |  2.9
Conjurations   | 2 3 |  3.6
Fighting       | 1 2 |  2.6
Shields        | 1 2 3 |  3.3
Dodging        | 3 |  3.8
Fire Magic     | 4 |  4.5
Spellcasting   | 3 |  3.1
Stealth        | |  2.0

Action                   |  1- 3 |  4- 6 |  7- 9 || total
-------------------------+-------+-------+-------++-------
Melee: Short sword       |    23 |    39 |       ||    62
       Kick              |     6 |    26 |     8 ||    40
       Peck              |     4 |     7 |     4 ||    15
       Dagger            |       |    28 |    23 ||    51
 Cast: Foxfire           |    58 |    22 |    13 ||    93
       Scorch            |     2 |     9 |     7 ||    18
       Conjure Flame     |       |     2 |       ||     2
  Use: Scroll            |     6 |     2 |       ||     8
 Stab: Sleeping          |     4 |       |       ||     4
Armor: Robe              |     6 |       |       ||     6
       Ring mail         |       |    25 |    12 ||    37
Dodge: Dodged            |    23 |    36 |    13 ||    72
Block: Buckler           |       |     8 |    11 ||    19

Table legend: (Time is in decaauts)
 A = Elapsed time spent in this place.
 B = Non-inter-level travel time spent in this place.
 C = Inter-level travel time spent in this place.
 D = Time resting spent in this place.
 E = Time spent auto-exploring this place.
 F = Levels seen in this place.
 G = Mean time per level.
                   A        B        C        D        E       F      G
               +--------+--------+--------+--------+--------+-----+--------+
         Total |   5005 |   4731 |    274 |    411 |   3497 |   5 | 1001.0 |
       Dungeon |   5005 |   4731 |    274 |    411 |   3497 |   5 | 1001.0 |
               +--------+--------+--------+--------+--------+-----+--------+

Top non-repeatable levels by time:
     D:3: 1483 daAuts
     D:2: 1325 daAuts
     D:4: 1091 daAuts
     D:1: 997 daAuts
     D:5: 108 daAuts
